AoeStats
← Count Foxbat

Arena

510115958Analyzed
1v1 RM · 3d ago on Sep 29, 2026· 45m 5s· 2 players
Game mode
Random Map
Map size
Tiny (2 player)
Population
200
Speed
Normal
Resources
Standard
Victory
Conquest
Starting age
Dark Age
Ending age
Imperial Age
RankedLock teamsTeams togetherTeam positionsShared explorationLock speedFull tech treeHidden civsTurbo modeCheats
Victory
Defeat
🇪🇸 Saracens · Spain
915
+14
🇩🇪 Franks · Germany
882
-37
Count Foxbat
11:09 Feudal Age
9:25 Loom
15:24 Castle Age
13:40 Double-Bit Axe
16:29 Bow Saw
23:45 Scale Barding Armor
23:49 Pikeman
24:30 Squires
24:16 Gambesons
25:28 Husbandry
26:58 Scale Mail Armor
30:18 Wheelbarrow
32:58 Imperial Age
31:10 Chain Barding Armor
32:19 Hand Cart
31:50 Town Watch
32:24 Chain Mail Armor
32:28 Fortified Wall
32:14 Murder Holes
33:06 Cavalier
34:17 Ballistics
33:40 Treadmill Crane
34:10 Masonry
34:36 Capped Ram
34:45 Halberdier
34:46 Man-at-Arms
35:11 Arson
36:41 Town Patrol
36:13 Paladin
36:17 Long Swordsman
37:06 Two-Handed Swordsman
38:48 Architecture
38:59 Plate Mail Armor
38:45 Forging
38:54 Champion
42:57 Iron Casting
42:58 Plate Barding Armor
43:52 Conscription
boskito19
3:18 Loom
10:40 Feudal Age
11:08 Double-Bit Axe
11:04 Horse Collar
15:26 Loom
16:29 Wheelbarrow
18:56 Castle Age
17:07 Stone Mining
19:58 Heavy Plow
20:10 Bow Saw
22:34 Gold Mining
22:56 Loom
25:21 Gold Shaft Mining
25:56 Scale Barding Armor
25:18 Light Cavalry
27:27 Hand Cart
30:13 Forging
30:45 Bloodlines
31:19 Murder Holes
31:45 Ballistics
34:29 Imperial Age
32:50 Iron Casting
34:34 Chain Barding Armor
35:38 Conscription
37:07 Two-Man Saw
35:43 Elite Mameluke
37:21 Husbandry
36:43 Hussar
38:28 Blast Furnace
38:08 Plate Barding Armor
37:22 Town Watch
38:46 Chemistry
40:30 Masonry
Connection lost

Rejoining the realm…

Still unreachable

The connection could not be restored.

Session expired

The server has moved on; the page needs a fresh start.